 Dungeon Crawl Stone Soup version 0.31-a0-188-g5e087ee2ca (webtiles) character file.

Game seed: 12456614436183967153

294 qw the Skirmisher (level 6, -1/35 HPs)
             Began as a Deep Elf Hunter on June 23, 2023.
             Succumbed to an adder's poison
             ... in a sewer.
             The game lasted 00:01:10 (2497 turns).

qw the Skirmisher (Deep Elf Hunter)                 Turns: 2497, Time: 00:01:11

Health: -1/35      AC:  5    Str: 10    XL:     6   Next: 11%
Magic:  8/8        EV: 11    Int: 14    God:
Gold:   107        SH:  0    Dex: 18    Spells: 5/5 levels left

rFire   . . .        Y - +2 shortbow
rCold   . . .        (shield currently unavailable)
rNeg    . . .        d - +0 ring mail
rPois   .            (no helmet)
rElec   .            (no cloak)
rCorr   .            (no gloves)
SInv    .            (no boots)
Will    .....        (no amulet)
Stlth   +            (no ring)
HPRegen 0.25/turn    (no ring)
MPRegen 0.11/turn

%: no passive effects
@: lethally poisoned (-1 -> -10)
A: no striking features
a: no special abilities


You were in a sewer.
You visited 1 branch of the dungeon, and saw 4 of its levels.
You also visited: Sewer.

You collected 107 gold pieces.


   Skills:
 - Level 2.0 Fighting
 + Level 9.5 Ranged Weapons
 - Level 2.4 Dodging
 - Level 1.2 Stealth


You had 5 spell levels left.
You didn't know any spells.
Your spell library was empty.

Inventory:

Hand Weapons
 Y - a +2 shortbow (weapon)
Armour
 d - a +0 ring mail (worn)
Scrolls
 e - a scroll of identify
Potions
 a - 2 potions of haste {unknown}
 b - a potion of magic {unknown}
 g - a potion of ambrosia {unknown}
 i - a potion of mutation {unknown}
 k - a potion of attraction {unknown}

Dungeon Overview and Level Annotations

Branches:
Dungeon (4/15)              Sewer (1/1)
 Temple: D:4-7

Altars:
Ashenzari


Message History

A river rat comes into view.
A frilled lizard comes into view.
You shoot an arrow. The arrow hits the rat!
You kill the rat!
You shoot an arrow. The arrow hits the frilled lizard.
You kill the frilled lizard!
You shoot an arrow. The arrow hits the river rat.
The river rat is moderately wounded.
A rat comes into view.
You shoot an arrow.
The arrow hits the river rat but does no damage.
The river rat is moderately wounded.
The adder bites you but does no damage.
The river rat twitches its whiskers.
The river rat barely misses you. x2
You shoot an arrow. The arrow hits the river rat!
You kill the river rat!
The adder misses you. The adder bites you.
You are poisoned.
The adder poisons you!
You shoot an arrow. The arrow closely misses the river rat.
You feel sick. The adder bites you. The river rat bites you. x2
You shoot an arrow. The arrow hits the river rat.
The river rat is heavily wounded.
You feel sick. The adder bites you.
You are more poisoned.
The adder poisons you!
An adder comes into view.
The river rat barely misses you. The river rat closely misses you.
The adder bites you but does no damage.
You shoot an arrow. The arrow hits the river rat.
The river rat is almost dead.
You feel sick.
The river rat bites you. x2; The adder barely misses you.
You shoot an arrow. The arrow hits the river rat.
You kill the river rat!
You feel sick. The adder bites you.
You are more poisoned.
The adder poisons you! The river rat barely misses you.
You shoot an arrow. The arrow hits the river rat.
The river rat is lightly wounded.
You die...

#.....~~~~~~~~
##...~~~~~~~~##....
#...~~~~~~~~#....
##...~~~~~~~~....%
#....~~~~~~~......
.......~~~~~.S..r#
.%.....~~~~%..lrr#
......~~~~~~~.rrS##
#.....~.~~~~..#%@.#
#.......~~~~.##...##
##......~~~~.###...#
##.....~~~~...##%..#
###.....~~~.......##
###......~~~.....##
.#......~~~~.....#
........~~~.%....#
#........~~%.....##


You could see 2 adders, 3 river rats, a frilled lizard and 2 rats.

Vanquished Creatures
  A scorpion (D:4)
  Jessica (D:3)
  A gnoll (D:1)
  6 adders
  7 river rats
  2 worms
  3 dart slugs (D:1)
  3 ball pythons
  2 endoplasms (D:2)
  A giant cockroach (D:3)
  6 goblins
  2 hobgoblins (D:1)
  5 jackals
  2 quokkas (D:1)
  7 bats
  5 frilled lizards
  12 kobolds
  20 rats
86 creatures vanquished.

Notes
Turn   | Place    | Note
-------+----------+-------------------------------------------
     0 | D:1      | qw the Deep Elf Hunter began the quest for the Orb.
     0 | D:1      | Reached XP level 1. HP: 12/12 MP: 3/3
     0 | D:1      | 0 ||| qw: Version: 0.3-a-9-g12657ce
     0 | D:1      | 0 ||| qw: Game counter: 4419
     0 | D:1      | 0 ||| qw: Always use a shield: true
     0 | D:1      | 0 ||| qw: God list: Okawaru
     0 | D:1      | 0 ||| qw: Allow faded altars: false
     0 | D:1      | 0 ||| qw: Do Orc after D:15 true
     0 | D:1      | 0 ||| qw: Do second Lair branch before Depths: true
     0 | D:1      | 0 ||| qw: Lair rune preference: random
     0 | D:1      | 0 ||| qw: Plans: Normal
     0 | D:1      | 0 ||| PLANNING D:1-11
   108 | D:1      | Reached skill level 6 in Ranged Weapons
   108 | D:1      | Reached XP level 2. HP: 16/16 MP: 4/4
   323 | D:1      | Reached XP level 3. HP: 20/20 MP: 5/5
   881 | D:1      | 881 ||| READING 2 scrolls labelled IDURESI QOURAKH.
   884 | D:1      | 884 ||| READING scroll labelled AXKUEF USISY.
   885 | D:1      | 885 ||| READING scroll labelled JUMAUP GIVULI.
   886 | D:1      | 886 ||| READING scroll labelled NEEGUA LAURPH.
   887 | D:1      | 887 ||| READING scroll labelled BIPTAGG AVEAV.
   888 | D:1      | 888 ||| READING scroll labelled ARUFICH KIBRE.
   889 | D:1      | 889 ||| DROPPING scroll of butterflies.
   891 | D:1      | 891 ||| Stepping ~*~*~tactically~*~*~ (cloud).
   893 | D:1      | HP: 5/20 [poisoned by you (poison gas)]
   897 | D:1      | HP: 2/20 [poisoned by you (poison gas)]
  1014 | D:2      | Found a broken altar of Ashenzari.
  1132 | D:2      | Reached skill level 7 in Ranged Weapons
  1174 | D:2      | Found a faded altar of an unknown god.
  1400 | D:2      | 1400 ||| UPGRADING to +0 ring mail.
  1410 | D:2      | 1410 ||| DROPPING +0 leather armour.
  1411 | D:2      | 1411 ||| READING scroll labelled XETAEN BYARE.
  1412 | D:2      | 1412 ||| READING scroll labelled FEROOM EWKINA.
  1434 | D:3      | Noticed Jessica
  1441 | D:3      | HP: 2/20 [Jessica/+0 club (7)]
  1442 | D:3      | 1442 ||| READING scroll of teleportation.
  1445 | D:3      | Killed Jessica
  1446 | D:3      | Reached XP level 4. HP: 4/25 MP: 6/6
  1612 | D:3      | 1612 ||| READING scroll of enchant weapon.
  1612 | D:3      | 1612 ||| ENCHANTING +1 shortbow.
  1778 | D:3      | Reached skill level 8 in Ranged Weapons
  2083 | D:3      | 2083 ||| READING scroll labelled QUCISCH XUIDYE.
  2084 | D:3      | 2084 ||| DRINKING 2 black potions.
  2125 | D:3      | 2125 ||| DRINKING 2 inky potions.
  2126 | D:3      | 2126 ||| READING 2 scrolls of identify.
  2126 | D:3      | 2126 ||| IDENTIFYING purple potion
  2127 | D:3      | 2127 ||| DROPPING potion of degeneration.
  2128 | D:3      | 2128 ||| DROPPING potion of lignification.
  2138 | D:4      | 2138 ||| PLANNING SEWER
  2141 | D:4      | Noticed a scorpion
  2150 | D:4      | Killed a scorpion
  2151 | D:4      | Reached XP level 5. HP: 9/29 MP: 7/7
  2151 | D:4      | 2151 ||| DRINKING potion of curing.
  2151 | D:4      | 2151 ||| (to cure poison)
  2240 | D:4      | Found a glowing drain.
  2248 | D:4      | Reached skill level 9 in Ranged Weapons
  2257 | Sewer    | Entered a sewer
  2313 | Sewer    | 2313 ||| Stepping ~*~*~tactically~*~*~ (water).
  2324 | Sewer    | 2324 ||| Stepping ~*~*~tactically~*~*~ (water).
  2412 | Sewer    | 2412 ||| Stepping ~*~*~tactically~*~*~ (water).
  2487 | Sewer    | Reached XP level 6. HP: 35/35 MP: 8/8
  2495 | Sewer    | HP: 5/35 [river rat (4)]
  2496 | Sewer    | HP: 2/35 [adder (2)]
  2497 | Sewer    | Succumbed to an adder's poison

Levels and vault maps discovered:
D:1:      arrival_zaba_pyramid, layout_loops_ring, serial_glass,
          glass_columns_a, glass_columns_c, roderic_lattice_a
D:2:      layout_rooms, shapermc_ecumenical_altar_starsandcircs, basic_altar
D:3:      layout_loops_ring, grunt_ministairs_8, uniq_jessica
D:4:      layout_basic, ashenzari_conservatory_becter,
          cheibrodos_sewer_entry_sluice
Sewer:    sewer_minmay_treatment

Skill      XL: |  1  2  3  4  5 |
---------------+----------------+-----
Ranged Weapons | 6 7 8 9 |  9.5
Fighting       | 2 |  2.0
Dodging        | |  2.4
Stealth        | |  1.2

Action                     |  1- 3 |  4- 6 || total
---------------------------+-------+-------++-------
   Fire: Shortbow          |   105 |   116 ||   221
    Use: Scroll            |     9 |     3 ||    12
         Potion            |       |     3 ||     3
 Armour: Leather armour    |     4 |       ||     4
         Ring mail         |     1 |     7 ||     8
  Dodge: Dodged            |    31 |    19 ||    50

Table legend:
 A = Non-vault XP
 B = Vault XP
 C = Vault XP percentage of total XP
 D = Non-vault monster count
 E = Vault monster count
 F = Vault count percentage of total count
                 A         B        C        D         E       F
            +---------+---------+-------+---------+---------+-------
      Total |     226 |     194 |  46.2 |      46 |      40 |  46.5
            +---------+---------+-------+---------+---------+-------
        D:1 |      52 |       0 |   0.0 |      20 |       0 |   0.0
        D:2 |      23 |       0 |   0.0 |      11 |       0 |   0.0
        D:3 |      68 |      39 |  36.4 |      14 |       2 |  12.5
        D:4 |      83 |      20 |  19.4 |       1 |       3 |  75.0
      Sewer |       0 |     135 | 100.0 |       0 |      35 | 100.0
            +---------+---------+-------+---------+---------+-------
